 Dungeon Sprint DCSS version 0.27-a0-808-g60bc5d92e6 (webtiles) character file.

Game seed: 12152388509463085464

163 mhtbhm the Cudgeller (level 5, -7/85 HPs)
             Began as a Troll Berserker on Mar 28, 2021.
             Was a Believer of Trog.
             Splashed by an oklob sapling wizard's acid (15 damage)
             ... in the Dungeon (Sprint IV: "Fedhas' Mad Dash").
             The game lasted 00:00:40 (389 turns).

mhtbhm the Cudgeller (Troll Berserker)               Turns: 389, Time: 00:00:41

Health: -7/85      AC: -4    Str: 26    XL:     5   Next: 20%
Magic:  4/4        EV: 11    Int:  3    God:    Trog [**....]
Gold:   52         SH:  0    Dex:  9    Spells: 4/4 levels left

rFire    . . .     SeeInvis .   a - +0 mace
rCold    . . .     Faith    .   (no shield)
rNeg     . . .     Spirit   .   b - +0 animal skin
rPois    .         Reflect  .   (helmet restricted)
rElec    .         Harm     .   (no cloak)
rCorr    .         Rampage  .   (gloves unavailable)
Will     .....     NoTele   +   (boots unavailable)
Stlth    ..........             i - amulet of invisibility {+Inv}
HPRegen  1.24/turn              (no ring)
MPRegen  0.09/turn              (no ring)

@: berserking (expiring), corroded, very quick
A: large, unfitting armour, claws 3, regeneration 1, shaggy fur 1, tough skin 1
a: Renounce Religion, Evoke Invisibility, Berserk, Trog's Hand


You were in the Dungeon.
You worshipped Trog.
Trog was pleased with you.
You visited 1 branch You collected 52 gold pieces.

Inventory:

Hand Weapons
 a - a +0 mace (weapon)
Armour
 b - a +0 animal skin (worn)
Jewellery
 i - the amulet of invisibility (around neck) {+Inv}
   (You found it in the Dungeon)

   [amulet of nothing]

   It lets you turn invisible.
Scrolls
 h - a scroll of blinking
Potions
 c - a potion of curing
 d - a potion of heal wounds
 e - a potion of haste
 f - 2 potions of magic
 g - a potion of berserk rage


   Skills:
 + Level 5.4 Fighting
 + Level 6.4 Maces & Flails
 + Level 5.4 Dodging
 + Level 0.9 Evocations


You had 4 spell levels left.
You didn't know any spells.
Your spell library was empty.

Dungeon Overview and Level Annotations

Branches:
Dungeon (1/1)

Altars:
Cheibriados
Dithmenos
Elyvilon
Gozag
Hepliaklqana
Kikubaaqudgha
Makhleb
Nemelex Xobeh
Okawaru
Qazlal
Ru
Sif Muna
Trog
Uskayaw
Vehumet
Wu Jian
Xom
Yredelemnul
Zin
The Shining One
Beogh
Jiyva
Lugonu

Annotations:
D exclusion: oklob sapling


Innate Abilities, Weirdness & Mutations

You are too large for most types of armour.
You have claws for hands.
Your natural rate of healing is unusually fast.
You are covered in fur. (AC +1)
You have tough skin. (AC +1)


Message History

Your magical contamination has completely faded away.
You start waiting.
You feel yourself speed up.
There is an ancient bone altar of Kikubaaqudgha here.
There is a corrupted altar of Lugonu here.
You start waiting.
You recover from your berserk rage.
You open the door.
An oklob sapling wizard comes into view.
Marking area around an oklob sapling as unsafe for travelling.
Found a robe and a pair of gloves.
A red film seems to cover your vision as you go berserk!
You feel yourself moving faster!
You feel mighty!
You feel a strong urge to attack something.
The oklob sapling wizard spits acid at you.
The splash of acid misses you.
There is an open door here.
You hit the oklob sapling wizard but do no damage.
The oklob sapling wizard spits acid at you.
The splash of acid hits you! The acid corrodes you!
You are splashed with acid!
You hit the oklob sapling wizard but do no damage.
You hit the oklob sapling wizard but do no damage.
You thump the oklob sapling wizard!
The oklob sapling wizard is heavily damaged.
The oklob sapling wizard spits acid at you.
The splash of acid hits you! The acid corrodes you!
You are splashed with acid!
You hit the oklob sapling wizard.
The oklob sapling wizard is heavily damaged.
The oklob sapling wizard spits acid at you.
The splash of acid hits you!
You are splashed with acid!
* * * LOW HITPOINT WARNING * * *
You hit the oklob sapling wizard but do no damage.
The oklob sapling wizard is heavily damaged.
You hit the oklob sapling wizard but do no damage.
The oklob sapling wizard is heavily damaged.
The oklob sapling wizard spits acid at you.
The splash of acid hits you!
* * * LOW HITPOINT WARNING * * *
You are splashed with acid!
You die...

###################
.#.⌠._._._._.⌠.#.[+
.'.._._._._._..'@P#
.#..._._._._...#..#
##.._._._._._..#.[#
.#._._._._._.⌠.####
.############### ##


You could see an oklob sapling wizard.

Vanquished Creatures
  A scorpion (D)
  3 oklob saplings (D)
  A river rat (D)
  A rat (D)
6 creatures vanquished.

Notes
Turn   | Place    | Note
-------+----------+-------------------------------------------
     0 | D        | mhtbhm the Troll Berserker began the quest for the Orb.
     0 | D        | Reached XP level 1. HP: 22/22 MP: 0/0
     8 | D        | Reached skill level 3 in Maces & Flails
     8 | D        | Reached XP level 2. HP: 31/31 MP: 1/1
    62 | D        | Noticed an oklob sapling
    64 | D        | Killed an oklob sapling
    64 | D        | Reached ** piety under Trog
    65 | D        | Reached skill level 4 in Maces & Flails
    65 | D        | Reached XP level 3. HP: 34/39 MP: 2/2
   217 | D        | Noticed a scorpion
   218 | D        | Found the amulet of invisibility {+Inv}
   220 | D        | Killed a scorpion
   221 | D        | Reached skill level 5 in Maces & Flails
   221 | D        | Reached XP level 4. HP: 49/49 MP: 3/3
   318 | D        | Found an opulent altar of Gozag.
   318 | D        | Found a hazy altar of Hepliaklqana.
   318 | D        | Found a burning altar of Makhleb.
   318 | D        | Found a sparkling altar of Nemelex Xobeh.
   318 | D        | Found a snail-covered altar of Cheibriados.
   318 | D        | Found a sacrificial altar of Ru.
   318 | D        | Found a shimmering blue altar of Sif Muna.
   318 | D        | Found a shimmering altar of Xom.
   318 | D        | Found a basalt altar of Yredelemnul.
   319 | D        | Found a viscous altar of Jiyva.
   319 | D        | Found a bloodstained altar of Trog.
   319 | D        | Found an ornate altar of the Wu Jian Council.
   320 | D        | Found an iron altar of Okawaru.
   320 | D        | Found a shadowy altar of Dithmenos.
   320 | D        | Found a glowing silver altar of Zin.
   321 | D        | Found an ancient bone altar of Kikubaaqudgha.
   321 | D        | Found a hide-covered altar of Uskayaw.
   322 | D        | Found a stormy altar of Qazlal.
   322 | D        | Found a white marble altar of Elyvilon.
   322 | D        | Found a glowing golden altar of the Shining One.
   323 | D        | Found a corrupted altar of Lugonu.
   323 | D        | Found a radiant altar of Vehumet.
   330 | D        | Reached skill level 5 in Fighting
   330 | D        | Reached skill level 6 in Maces & Flails
   330 | D        | Reached skill level 5 in Dodging
   330 | D        | Reached XP level 5. HP: 56/57 MP: 1/4
   389 | D        | Splashed by an oklob sapling wizard's acid

Illustrated notes

Levels and vault maps discovered:
D:        dungeon_sprint_fedhas [sprint_temple]

Skill      XL: |  1  2  3  4 |
---------------+-------------+-----
Fighting       | 3 4 5 |  5.4
Maces & Flails | 3 4 5 6 |  6.4
Dodging        | 3 4 5 |  5.4
Evocations     | |  0.9

Action                   |  1- 3 |  4- 6 || total
-------------------------+-------+-------++-------
Melee: Mace              |     7 |    11 ||    18
Invok: Berserk           |     3 |     3 ||     6
 Abil: Evoke Invisibilit |       |     2 ||     2
Dodge: Dodged            |     1 |     1 ||     2

Table legend: (Time is in decaauts)
 A = Elapsed time spent in this place.
 B = Non-inter-level travel time spent in this place.
 C = Inter-level travel time spent in this place.
 D = Time resting spent in this place.
 E = Time spent auto-exploring this place.
 F = Levels seen in this place.
 G = Mean time per level.
                   A        B        C        D        E       F      G
               +--------+--------+--------+--------+--------+-----+--------+
         Total |    443 |    443 |      0 |    344 |      3 |   1 |  443.0 |
       Dungeon |    443 |    443 |      0 |    344 |      3 |   1 |  443.0 |
               +--------+--------+--------+--------+--------+-----+--------+

Top non-repeatable levels by time:
       D: 443 daAuts
